Map: Automaton LE

Players

Lambo - Winner!

  • Race: Zerg Zerg
  • League: Grandmaster
  • Spawn Location: 3:00

AqueroN

  • Race: Terran Terran
  • League: Grandmaster
  • Spawn Location: 9:00

VOD

Have the link to the VOD?

Description

Time

  • Played on: Dec. 1, 2018, 11:47 a.m.
  • Length: 10:50
Show
View Real Time Build Order
Export as new Build Order

Lambo Zerg - Winner!

Build Orders: Hatch First 

Get SALT Encoding   

  12  0:00  Drone  
  13  0:14  Overlord  
  13  0:19  Drone  
  14  0:32  Drone  
  14  0:33  Drone  
  16  0:50  Hatchery  
  16  0:53  Drone  
  16  1:01  Drone x2  
  18  1:16  Extractor  
  17  1:18  Spawning Pool  
  17  1:19  Drone  
  17  1:23  Drone  
  18  1:29  Drone  
  19  1:40  Drone  
  20  1:58  Overlord  
  20  2:05  Queen x2, Zergling x2  
  20  2:06  Zergling x2  
  26  2:14  Drone x2  
  28  2:16  Metabolic Boost  
  28  2:23  Drone x2  
  30  2:44  Hatchery  
  29  2:45  Drone  
  30  2:51  Drone  
  30  2:55  Pneumatized Carapace  
  30  2:57  Drone  
  32  2:59  Overlord  
  32  3:03  Drone  
  33  3:07  Drone x2  
  33  3:12  Drone  
  36  3:18  Drone x2  
  36  3:19  Drone x2  
  40  3:23  Overlord  
  40  3:30  Queen  
  42  3:34  Drone  
  43  3:45  Zergling x6  
  45  3:50  Zergling x6  
  45  3:52  Queen  
  45  3:55  Overlord  
  50  3:59  Zergling x4  
  51  4:07  Drone x3  
  51  4:13  Drone  
  51  4:16  Queen  
  54  4:19  Drone  
  55  4:24  Drone x5  
  55  4:29  Evolution Chamber  
  55  4:30  Spore Crawler  
  58  4:33  Evolution Chamber  
  58  4:34  Drone  
  58  4:37  Drone x2  
  60  4:40  Drone  
  60  4:43  Queen  
  60  4:45  Drone  
  64  4:50  Spore Crawler  
  64  4:51  Spore Crawler  
  62  4:54  Drone x2  
  64  5:01  Zerg Ground Armor Level 1, Zerg Melee Weapons Level 1  
  64  5:03  Overlord  
  64  5:06  Drone x2  
  66  5:13  Extractor, Overlord  
  65  5:14  Extractor  
  65  5:16  Drone x2  
  65  5:20  Drone  
  65  5:23  Drone x2  
  65  5:24  Drone x2  
  65  5:26  Drone x3  
  69  5:30  Drone x3  
  69  5:32  Drone  
  73  5:36  Lair  
  73  5:37  Drone  
  74  5:43  Overlord  
  74  5:44  Drone x4  
  74  5:48  Extractor x2  
  74  5:49  Drone x3  
  79  5:54  Drone x2  
  81  6:02  Hatchery  
  81  6:04  Drone x4  
  81  6:05  Extractor  
  83  6:13  Zergling x10, Baneling Nest  
  87  6:30  Overlord  
  87  6:31  Drone x2  
  89  6:34  Overlord x2  
  89  6:35  Overseer  
  89  6:38  Overlord, Hydralisk Den  
  86  6:43  Hatchery  
  85  6:53  Drone x2  
  83  6:57  Zergling x26  
  83  7:00  Zerg Ground Armor Level 2, Centrifical Hooks, Zerg Melee Weapons Level 2  
  96  7:05  Queen  
  96  7:07  Zergling x2  
  96  7:08  Zergling x4  
  101  7:11  Zergling x6  
  101  7:15  Grooved Spines  
  104  7:18  Zergling x2  
  104  7:19  Zergling x6  
  104  7:21  Zergling x2  
  109  7:27  Overseer  
  109  7:28  Zergling x8  
  113  7:30  Baneling x6  
  113  7:32  Zergling x2  
  112  7:38  Zergling x6  
  112  7:40  Zergling x8  
  112  7:41  Baneling x5  
  112  7:47  Zergling x6  
  111  7:54  Zergling x2  
  111  7:55  Zergling x6  
  107  8:01  Drone x3  
  107  8:04  Hydralisk x4  
  118  8:12  Overlord  
  118  8:13  Overlord x2  
  118  8:14  Overseer  
  118  8:18  Overlord  
  118  8:20  Overlord  
  118  8:22  Overlord  
  118  8:26  Muscular Augments  
  114  8:33  Hydralisk x7  
  128  8:41  Hydralisk x4  
  128  8:46  Hydralisk x2  
  140  8:50  Overlord x2  
  140  8:53  Baneling x6  
  140  8:54  Baneling  
  140  8:56  Zergling x4  
  140  9:01  Hydralisk  
  140  9:02  Hydralisk x2  
  148  9:05  Hydralisk  
  148  9:09  Baneling x8  
  150  9:12  Zergling x8  
  151  9:18  Zergling x12  
  151  9:23  Zergling x10  
  160  9:29  Zergling x10  
  163  9:37  Zergling x14  
  168  9:42  Zergling x10  
  164  9:47  Zergling x4  
  164  9:48  Baneling x3  
  164  9:52  Zergling x4  
  161  9:56  Zergling x2  
  161  9:59  Zergling x6  
  152  10:03  Zergling x12  
  152  10:06  Baneling x24  
  158  10:09  Zergling x6  
  161  10:19  Zergling x2  
  161  10:20  Zergling x10  
  165  10:24  Hydralisk  
  167  10:33  Baneling x8  
  167  10:41  Hatchery  
Show
View Real Time Build Order
Export as new Build Order

AqueroN Terran 

Build Orders: Gas First Reaper Expand, Hellion Banshee 

Get SALT Encoding   

  12  0:00  SCV  
  13  0:13  SCV  
  14  0:18  Supply Depot  
  14  0:25  SCV  
  15  0:30  Refinery  
  15  0:39  SCV  
  16  0:45  Barracks  
  16  0:51  SCV  
  17  1:04  SCV  
  18  1:16  SCV  
  19  1:34  Orbital Command  
  19  1:35  Reaper  
  20  1:45  Command Center  
  20  1:55  Factory  
  20  2:02  SCV  
  21  2:10  Supply Depot, Barracks Reactor  
  21  2:14  SCV  
  22  2:20  Refinery  
  22  2:26  SCV  
  23  2:38  SCV  
  24  2:50  SCV  
  25  2:53  Starport  
  25  2:54  Hellion x2  
  25  2:56  Marine  
  25  2:58  Orbital Command  
  30  3:02  SCV  
  31  3:15  SCV  
  31  3:16  Hellion x2  
  31  3:18  Barracks Tech Lab  
  36  3:26  SCV  
  37  3:27  Supply Depot  
  37  3:33  SCV  
  38  3:38  SCV  
  38  3:40  Hellion x2  
  43  3:48  SCV  
  43  3:51  Cloaking Field, Banshee, SCV  
  48  4:00  SCV  
  49  4:03  SCV  
  43  4:13  SCV  
  43  4:15  SCV  
  43  4:19  Command Center  
  43  4:21  Barracks Tech Lab  
  43  4:29  Barracks, SCV x2  
  45  4:32  Factory Reactor, Barracks  
  45  4:36  Supply Depot  
  45  4:39  Marine  
  45  4:40  Stimpack  
  45  4:42  Banshee  
  45  4:45  SCV  
  50  4:47  SCV  
  50  4:52  Engineering Bay  
  51  4:55  Engineering Bay  
  51  4:57  SCV  
  51  4:59  SCV  
  53  5:01  Supply Depot  
  53  5:07  Marine  
  53  5:09  SCV  
  53  5:11  SCV  
  56  5:16  Marine x2  
  57  5:21  SCV  
  57  5:22  Factory Reactor  
  57  5:24  SCV  
  59  5:30  Terran Infantry Weapons Level 1  
  59  5:31  Terran Infantry Armor Level 1  
  59  5:32  Refinery  
  59  5:34  SCV  
  59  5:35  Marine x4  
  63  5:36  Marine, SCV  
  63  5:40  Orbital Command  
  63  5:41  Starport Reactor  
  66  5:52  Marine  
  66  5:53  Barracks  
  66  5:54  Barracks, SCV x2  
  69  5:59  Marine x3  
  69  6:00  Marauder  
  69  6:03  Orbital Command, Widow Mine x2  
  78  6:08  SCV x2  
  80  6:12  Marine  
  81  6:19  Marine x3  
  81  6:20  SCV  
  81  6:25  Medivac x2, SCV  
  90  6:28  Supply Depot  
  90  6:30  Supply Depot, Widow Mine  
  92  6:33  Supply Depot  
  92  6:38  Marine  
  93  6:43  Barracks Reactor  
  93  6:49  Marauder, Marine  
  93  6:50  Marauder, Marine, Widow Mine  
  93  6:53  Marine  
  99  6:55  SCV x3  
  99  6:56  Marine  
  99  6:57  Refinery  
  99  6:58  Combat Shield  
  99  6:59  Armory, Concussive Shells  
  103  7:07  SCV x2  
  103  7:08  Refinery, Widow Mine  
  107  7:09  SCV  
  108  7:16  Widow Mine  
  108  7:19  SCV x2  
  108  7:20  Factory, Marine x5  
  117  7:37  SCV  
  117  7:43  Marauder x2, Marine  
  117  7:44  Marine  
  113  7:45  Widow Mine x2  
  113  7:47  Marine  
  116  7:57  Marine x3  
  109  8:00  SCV x3  
  109  8:01  Terran Infantry Weapons Level 2, Terran Infantry Armor Level 2  
  109  8:03  Command Center  
  112  8:06  Marine  
  112  8:07  Marauder x2  
  112  8:10  Supply Depot x2  
  117  8:15  Factory Tech Lab, Marine x3, SCV x3  
  117  8:16  Refinery  
  121  8:30  Marine x2  
  121  8:31  Marauder  
  121  8:32  Marauder  
  127  8:34  Terran Vehicle And Ship Armor Level 1  
  127  8:38  Supply Depot x3  
  127  8:43  SCV x3  
  127  8:44  Marine x2  
  127  8:45  Marine  
  127  8:47  Drilling Claws  
  127  8:48  Barracks, Widow Mine x2  
  137  8:49  Barracks  
  137  8:50  Barracks  
  137  8:53  Widow Mine  
  137  8:55  SCV x2  
  141  8:59  SCV  
  141  9:02  Supply Depot  
  142  9:03  Supply Depot  
  142  9:12  Marine x5  
  142  9:13  Marine  
  142  9:14  Marauder x2  
  142  9:15  Widow Mine x2  
  147  9:19  SCV x2  
  147  9:21  SCV  
  124  9:35  Marine x3  
  124  9:36  Marine x2  
  128  9:39  SCV  
  128  9:40  SCV x2  
  128  9:44  Unknown x3  
  124  9:46  Marine  
  115  9:59  Marine x6  
  118  10:00  Medivac  
  118  10:01  Medivac  
  118  10:04  SCV  
  124  10:12  Marine x2  
  126  10:17  Marine  
  121  10:23  Marine x2  
  121  10:28  Widow Mine x2  
  127  10:29  Marauder  
Tags
 
Add a new tag
Caveats
  • Supply blocks, unpowered buildings, or Contaminate may cause inaccurate times.
  • Supply counts are checked every 10 seconds.